 Dungeon Crawl Stone Soup version 0.29-a0-506-ga2e7fffb44 (webtiles) character file.

Game seed: 12342968697358067817

1253 enile the Stinger (level 8, 0/54 HPs)
             Began as an Octopode Venom Mage on May 28, 2022.
             Was a Follower of Ashenzari.
             Engulfed by a steam dragon's steam (13 damage)
             ... on level 6 of the Dungeon.
             The game lasted 00:13:22 (7021 turns).

enile the Stinger (Octopode Venom Mage)             Turns: 7021, Time: 00:13:22

Health: 0/54       AC:  1    Str:  7    XL:     8   Next: 51%
Magic:  4/14       EV: 14    Int: 17    God:    Ashenzari [*.....]
Gold:   237        SH:  0    Dex: 15    Spells: 2/15 levels left

rFire   x . .      SeeInvis .   j - +0 falchion
rCold   + . .      Faith    .   (no shield)
rNeg    + . .      Spirit   .   (helmet restricted)
rPois   .          Reflect  .   w - amulet "Chained Seeker" {Regen+, Evo, Elem} (curse)
rElec   .          Harm     .   f - ring of Curses and Power {Ice, Fort, Comp} (curse)
rCorr   .          Rampage  .   i - ring of Ashenzari's Visionary {rN+, Comp, Evo} (curse)
Will    .....                   (no ring)
Stlth   +++.......              (no ring)
HPRegen 0.98/turn               (no ring)
MPRegen 0.14/turn               (no ring)
                                (no ring)
                                (no ring)

@: no status effects
A: almost no armour, amphibious, 8 rings, camouflage 1, gelatinous body 1,
(nimble swimmer 1), tentacles
a: Renounce Religion, Curse Item, Shatter the Chains


You were on level 6 of the Dungeon.
You worshipped Ashenzari.
Ashenzari was aware of your devotion.
You visited 1 branch of the dungeon, and saw 6 of its levels.

You collected 237 gold pieces.

Inventory:

Hand Weapons
 h - a +0 short sword
 j - a +0 falchion (weapon)
 u - a +0 rapier
 x - a +0 flail of protection
Armour
 k - a +1 tower shield
Magical Staves
 l - a staff of poison
Jewellery
 f - the cursed ring of Curses and Power (left tentacle) {Ice, Fort, Comp}
   (You found it on level 1 of the Dungeon)

   [ring of ice]

   It enhances your ice magic.
   rF:        It makes you vulnerable to fire.
   rC:        It protects you from cold.
   It has a curse which improves the following skills: Fortitude: Shields.
   Companions: Summonings and Necromancy.
 i - the cursed ring of Ashenzari's Visionary (right tentacle) {rN+, Comp, Evo}
   (You found it on level 3 of the Dungeon)

   [ring of positive energy]

   rN:        It protects you from negative energy.
   It has a curse which improves the following skills: Companions: Summonings
   and Necromancy.
   Evocations: Evocations.
 w - the cursed amulet "Chained Seeker" (around mantle) {Regen+, Evo, Elem}
   (You found it on level 5 of the Dungeon)

   [amulet of regeneration]

   Regen:     It increases your rate of health regeneration.
   It has a curse which improves the following skills: Evocations: Evocations.
   Elements:  Fire Magic, Ice Magic, Air Magic and Earth Magic.
Wands
 q - a wand of acid (10)
Scrolls
 c - 6 scrolls of identify
 d - 2 scrolls of immolation
 e - a scroll of silence
 g - 3 scrolls of noise
 o - 2 scrolls of blinking
 r - 2 scrolls of vulnerability
 t - a scroll of magic mapping
Potions
 a - a potion of magic
 m - a potion of mutation
 n - a potion of degeneration
 p - a potion of invisibility
 s - a potion of flight
 v - a potion of haste


   Skills:
 - Level 4.0 Fighting
 - Level 4.0 Long Blades
 - Level 3.5 Dodging
 - Level 2.6 Stealth
 - Level 4.0 Spellcasting
 - Level 4.1 Transmutations
 - Level 2.4(3.1) Fire Magic
 - Level 2.2(2.9) Air Magic
 - Level 5.0 Poison Magic
 + Level 0.0(0.1) Evocations


You had 2 spell levels left.
You knew the following spells:

 Your Spells              Type           Power      Damage    Failure   Level
a - Sting                 Tmut/Pois      72%        1d6       2%          1
b - Ignite Poison         Fire/Tmut/Pois 17%        N/A       9%          3
c - Mephitic Cloud        Conj/Pois/Air  12%        N/A       16%         3
d - Poisonous Vapours     Pois/Air       32%        N/A       4%          2
e - Olgreb's Toxic Radia  Pois           20%        N/A       21%         4

Your spell library contained the following spells:

 Spells                   Type           Power      Damage    Failure   Level
 Beastly Appendage        Tmut           34%        N/A       3%          1
 Magic Dart               Conj           12%        1d3       16%         1
 Searing Ray              Conj           6%         2d4       24%         2
 Conjure Flame            Conj/Fire      8%         6-21      24%         3
 Alistair's Intoxication  Tmut/Pois      12%        N/A       56%         5
 Sticky Flame             Conj/Fire      8%         2d3       63%         4
 Fulminant Prism          Conj/Hex       1%         3d6       83%         4
 Summon Ice Beast         Ice/Summ       5%         N/A       83%         4
 Yara's Violent Unravell  Hex/Tmut       5%         3d4       88%         5
 Summon Mana Viper        Hex/Summ       3%         N/A       99%         5
 Malign Gateway           Summ/Tloc      1%         N/A       100%        7
 Monstrous Menagerie      Summ           1%         N/A       100%        7
 Storm Form               Tmut/Air       7%         N/A       100%        7
 Summon Hydra             Summ           1%         N/A       100%        7


Dungeon Overview and Level Annotations

Branches:
Dungeon (6/15)             Temple (0/1) D:5

Altars:
Ashenzari
Makhleb
Sif Muna
Zin

Annotations:
D:3 Grinder
D:5 Eustachio


Innate Abilities, Weirdness & Mutations

You cannot wear most types of armour.
You are amphibious.
You can wear up to eight rings at the same time.
Your skin changes colour to match your surroundings (Stealth+).
Your rubbery body absorbs attacks. (AC +1, EV +1)
((You are camouflaged when in or above water. (Stealth+)))
You have tentacles for arms and can constrict up to eight enemies at once.


Message History

A steam dragon is nearby!
There is an open door here.
Casting: Mephitic Cloud (dangerous; 16% risk of failure)
Confirm with . or Enter, or press ? or * to list all spells.
Okay, then.
Casting: Mephitic Cloud (dangerous; 16% risk of failure)
Confirm with . or Enter, or press ? or * to list all spells.
You don't know that spell.
Casting: Mephitic Cloud (dangerous; 16% risk of failure)
Confirm with . or Enter, or press ? or * to list all spells.
You miscast Olgreb's Toxic Radiance.
You are very lightly contaminated with residual magic.
Nothing appears to happen.
The steam dragon breathes steam at you. The ball of steam hits you!!
The steam scalds you terribly!
Casting: Olgreb's Toxic Radiance (quite dangerous; 21% risk of failure)
Confirm with . or Enter, or press ? or * to list all spells.
You begin to radiate toxic energy.
The steam dragon is poisoned.
Casting: Olgreb's Toxic Radiance (quite dangerous; 21% risk of failure)
Confirm with . or Enter, or press ? or * to list all spells.
Okay, then.
Casting: Olgreb's Toxic Radiance (quite dangerous; 21% risk of failure)
Confirm with . or Enter, or press ? or * to list all spells.
You ignite the poison in your surroundings!
The steam dragon seems to burn from within!
The steam dragon is heavily wounded.
The steam dragon is poisoned.
Your toxic aura wanes.
The steam dragon breathes steam at you. The ball of steam hits you!
The steam scalds you terribly!
You are engulfed in a cloud of scalding steam.
Your magical contamination has completely faded away.
You closely miss the steam dragon.
The steam dragon is severely wounded.
The steam dragon breathes steam at you. The ball of steam hits you!!
The steam scalds you terribly!
* * * LOW HITPOINT WARNING * * *
You feel better.
You are engulfed in a cloud of scalding steam.
You die...

######### ##########
........# #........#
........# #........#######
........#####...............
...D....'.....###...........
.......§#.....###...........
........+.D......>..........
###.....#..@..##............
........#....§..............
........#...§...............
........#....§§.............
........#......§..........((
.......##...................
....................
.#............#######
#......#............


You could see a steam dragon (poisoned, catching breath).

Vanquished Creatures
  Menkaure (D:4)
  A water moccasin (D:5)
  Duvessa (D:6)
  2 ogres
  A centaur (D:5)
  A phantom (D:5)
  A bullfrog (D:5)
  2 scorpions (D:5)
  A necrophage (D:5)
  Dowan (D:6)
  3 orc priests (D:4)
  A hound (D:4)
  An iguana (D:5)
  An orc wizard (D:4)
  2 adders (D:5)
  4 gnolls (D:5)
  A white imp (D:5)
  A worm (D:3)
  3 dart slugs
  5 orcs
  6 endoplasms
  A giant cockroach (D:1)
  7 hobgoblins
  5 kobolds
  4 quokkas
  9 ball pythons
  4 bats
  A frilled lizard (D:3)
  6 goblins
  3 rats
80 creatures vanquished.

Vanquished Creatures (others)
  8 plants (D:1)
8 creatures vanquished.

Grand Total: 88 creatures vanquished

Notes
Turn   | Place    | Note
-------+----------+-------------------------------------------
     0 | D:1      | enile the Octopode Venom Mage began the quest for the Orb.
     0 | D:1      | Reached XP level 1. HP: 11/11 MP: 3/3
   559 | D:1      | Reached skill level 1 in Fighting
   604 | D:1      | Reached XP level 2. HP: 8/18 MP: 0/5
   886 | D:1      | Found a faded altar of an unknown god.
  1760 | D:1      | Prayed at the altar of an unknown god.
  1760 | D:1      | Became a worshipper of Ashenzari the Shackled
  1985 | D:2      | Reached XP level 3. HP: 16/24 MP: 6/6
  3072 | D:3      | Noticed Grinder
  3074 | D:3      | Paralysed by Grinder for 5 turns
  3083 | D:3      | Identified a scroll of acquirement
  3083 | D:3      | Acquired Oriase's Tome of Summoning and Transmigration
  3422 | D:3      | Reached * piety under Ashenzari
  3514 | D:3      | Found a burning altar of Makhleb.
  3677 | D:3      | Reached XP level 4. HP: 23/29 MP: 2/7
  3707 | D:2      | Learned a level 3 spell: Ignite Poison
  3737 | D:2      | Learned a level 3 spell: Mephitic Cloud
  4646 | D:4      | Found a glowing silver altar of Zin.
  4743 | D:4      | Reached XP level 5. HP: 28/34 MP: 8/8
  5288 | D:5      | Entered Level 5 of the Dungeon
  5288 | D:5      | Noticed Eustachio
  5336 | D:5      | Noticed an ogre
  5460 | D:5      | Found a staircase to the Ecumenical Temple.
  5470 | D:5      | Killed an ogre
  5470 | D:5      | Noticed Menkaure
  5471 | D:5      | Reached XP level 6. HP: 39/39 MP: 0/9
  5552 | D:4      | Killed Menkaure
  5614 | D:5      | Reached XP level 7. HP: 44/45 MP: 2/10
  5622 | D:5      | Reached skill level 1 in Fire Magic
  6040 | D:5      | Reached skill level 4 in Poison Magic
  6106 | D:5      | Learned a level 2 spell: Poisonous Vapours
  6114 | D:5      | Reached skill level 5 in Poison Magic
  6417 | D:5      | Reached XP level 8. HP: 47/50 MP: 11/13
  6436 | D:5      | Found a shimmering blue altar of Sif Muna.
  6624 | D:6      | Noticed Dowan
  6633 | D:6      | Killed Dowan
  6714 | D:6      | Noticed Duvessa
  6734 | D:5      | Learned a level 4 spell: Olgreb's Toxic Radiance
  6866 | D:6      | Killed Duvessa
  7021 | D:6      | Engulfed by a steam dragon's steam

Illustrated notes

Levels and vault maps discovered:
D:1:      roderic_crop_circles_arrival_small, layout_basic,
          hellmonk_ecumenical_altar_lost_god, minmay_tetromino_l4
D:2:      layout_loops_corners, nicolae_concentric_dashed_squares_mild
D:3:      layout_loops_ring, bloody_makhleb, uniq_grinder
D:4:      layout_basic, mainiacjoe_overflow_24_doors
D:5:      layout_loops_cross, nicolae_overflow_hidden_temple,
          minmay_temple_entry_grid, uniq_eustachio, uniq_menkaure
D:6:      layout_basic, mainiacjoe_overflow_boulevard,
          nemelex_spade_bored_becter, serial_shops, nicolae_shop_statue_plus,
          dk_vineyard_1, uniq_duvessa, uniq_pikel, uniq_prince_ribbit1

Skill      XL: |  1  2  3  4  5  6  7  8 |
---------------+-------------------------+-----
Fighting       | 1 2 4 |  4.0
Dodging        | 3 |  3.5
Transmutations | 2 4 |  4.1
Long Blades    | 2 3 4 |  4.0
Fire Magic     | 2 |  2.4
Poison Magic   | 5 |  5.0
Spellcasting   | 3 4 |  4.0
Air Magic      | 2 |  2.2
Stealth        | |  2.6

Action                   |  1- 3 |  4- 6 |  7- 9 || total
-------------------------+-------+-------+-------++-------
Melee: Unarmed           |    23 |       |       ||    23
       Constrict         |    16 |     9 |     8 ||    33
       Short sword       |    39 |     8 |       ||    47
       Tentacles         |     7 |    15 |    16 ||    38
       Rapier            |       |    15 |       ||    15
       Falchion          |       |     9 |    47 ||    56
 Fire: Hunting sling     |     5 |       |       ||     5
Throw: Boomerang         |       |       |     6 ||     6
 Cast: Sting             |    38 |    24 |    18 ||    80
       Mephitic Cloud    |       |     2 |     1 ||     3
       Ignite Poison     |       |     1 |     8 ||     9
       Poisonous Vapours |       |       |     7 ||     7
       Olgreb's Toxic Ra |       |       |     2 ||     2
Invok: Curse Item        |     2 |     1 |       ||     3
Evoke: Wand              |       |       |     3 ||     3
  Use: Scroll            |     5 |     1 |     1 ||     7
       Potion            |       |     1 |     3 ||     4
 Stab: Sleeping          |     7 |     3 |     4 ||    14
Armor: Skin              |     5 |       |     2 ||     7
Dodge: Dodged            |    52 |    24 |    49 ||   125

Table legend: (Time is in decaauts)
 A = Elapsed time spent in this place.
 B = Non-inter-level travel time spent in this place.
 C = Inter-level travel time spent in this place.
 D = Time resting spent in this place.
 E = Time spent auto-exploring this place.
 F = Levels seen in this place.
 G = Mean time per level.
                   A        B        C        D        E       F      G
               +--------+--------+--------+--------+--------+-----+--------+
         Total |   7045 |   6531 |    514 |    450 |   5041 |   6 | 1174.2 |
       Dungeon |   7045 |   6531 |    514 |    450 |   5041 |   6 | 1174.2 |
               +--------+--------+--------+--------+--------+-----+--------+

Top non-repeatable levels by time:
     D:1: 1813 daAuts
     D:2: 1609 daAuts
     D:5: 1206 daAuts
     D:3: 1096 daAuts
     D:4: 1045 daAuts
     D:6: 273 daAuts
